 Dungeon Crawl Stone Soup version 0.20-a0-548-g4f8a798 (webtiles) character file.

3646 Kwzr the Cleaver (level 9, -6/106 HPs)
             Began as a Demonspawn Berserker on Feb 1, 2017.
             Was an Elder of Trog.
             Mangled by a hornet (7 damage)
             ... on level 8 of the Dungeon.
             The game lasted 00:47:43 (7163 turns).

Kwzr the Cleaver (Demonspawn Berserker)             Turns: 7163, Time: 00:47:45

Health: -6/106     AC: 10    Str: 23    XL:     9   Next: 88%
Magic:  9/9        EV: 15    Int:  9    God:    Trog [****..]
Gold:   419        SH:  0    Dex: 15    Spells: 8/8 levels left

rFire    . . .     SeeInvis .   a - +0 battleaxe
rCold    . . .     Gourm    .   A - +0 ring mail
rNeg     . . .     Faith    .   (shield currently unavailable)
rPois    .         Spirit   .   (no helmet)
rElec    .         Reflect  .   t - +1 cloak
rCorr    .         Harm     .   (no gloves)
MR       .....                  (no boots)
Stlth    ..........             H - amulet of magic regeneration
Regen    0.3/turn               p - -3 ring of strength (curse)
                                u - +3 ring of dexterity

@: berserking, lethally poisoned (-6 -> -15), slowed
A: hooves 2, thin metallic scales 1, demonic guardian 1, rot immunity
a: Berserk, Trog's Hand, Brothers in Arms, Burn Spellbooks, Renounce Religion


You were on level 8 of the Dungeon.
You worshipped Trog.
Trog was greatly pleased with you.
You were near starving.

You visited 2 branches of the dungeon, and saw 9 of its levels.
You visited the Abyss 1 time.

You collected 419 gold pieces.

Inventory:

Hand Weapons
 a - a +0 battleaxe (weapon)
 b - the +9 rapier of Chance {flame, +Fly Str+9 Dex-4 Stlth+}
   (You found it on level 7 of the Dungeon)

   It has been specially enchanted to burn those struck by it, causing extra
   injury to most foes and up to half again as much damage against particularly
   susceptible opponents.
   It affects your strength (+9).
   It affects your dexterity (-4).
   It lets you fly.
   It makes you more stealthy.
 f - a +3 hand axe of freezing
 l - a +0 blowgun
 n - a +3 flail of protection
 L - a +4 dagger of distortion
Missiles
 E - 9 tomahawks (quivered)
 K - 15 poisoned needles
Armour
 t - a +1 cloak (worn)
 A - a +0 ring mail (worn)
Jewellery
 e - an uncursed ring of fire
 p - a cursed -3 ring of strength (right hand)
 u - a +3 ring of dexterity (left hand)
 w - a cursed -2 ring of dexterity
 y - a +3 ring of protection {unknown}
 H - an amulet of magic regeneration (around neck)
Wands
 v - a wand of iceblast (8/15)
 B - a wand of acid (5/15)
 D - a wand of lightning (6/15)
Scrolls
 j - 3 scrolls of recharging
 x - a scroll of identify
 C - 2 scrolls of enchant armour
 I - a scroll of fog
 N - a scroll of magic mapping
Potions
 g - 2 potions of haste {unknown}
 i - 2 potions of agility {unknown}
 k - a potion of curing
 o - 2 potions of mutation {unknown}
 q - a potion of lignification {unknown}
 r - a potion of brilliance {unknown}
 s - 2 potions of heal wounds
 z - 2 potions of flight
 G - a potion of degeneration {unknown}
 J - a potion of might {unknown}
 M - a potion of ambrosia {unknown}
Books
 F - a book of Maledictions

   Spells                             Type                      Level
   a - Corona                         Hexes                        1
   b - Ensorcelled Hibernation        Hexes/Ice                    2
   c - Confuse                        Hexes                        3
   d - Tukima's Dance                 Hexes                        3
   e - Dazzling Spray                 Conjuration/Hexes            3
   Trog disapproves of the use of such an item.
Comestibles
 c - 2 bread rations
 d - 6 royal jellies
 h - 6 meat rations
 m - 2 fruits


   Skills:
 + Level 6.8 Fighting
 * Level 8.7 Axes
 + Level 6.2 Armour
 + Level 6.1 Dodging


You had 8 spell levels left.
You didn't know any spells.

Dungeon Overview and Level Annotations

Branches:
Dungeon (8/15)             Temple (1/1) D:6
   Lair: D:8-11

Altars:
Ashenzari
Fedhas
Hepliaklqana
Makhleb
Okawaru
Qazlal
Trog
Yredelemnul

Shops:
D:4 *   D:5 *

Annotations:
D:2 exclusion: adder


Innate Abilities, Weirdness & Mutations

You have hoof-like feet.
You are partially covered in thin metallic scales. (AC +2)
A weak demonic guardian rushes to your aid.
You are immune to rotting.


Message History

You feel sick. The hornet stings you!
* * * LOW HITPOINT WARNING * * *
You feel as though you will be slow longer.
Your iron imp hits the hornet.
The hornet stings you but does no damage.
You hit the hornet. Your kick misses the hornet.
The hornet is severely wounded.
The hornet completely misses you.
Your iron imp hits the hornet.
The hornet stings you.
* * * LOW HITPOINT WARNING * * *
You are lethally poisoned!
You feel as though you will be slow longer.
You barely miss the hornet. You kick the hornet, but do no damage.
The hornet is almost dead.
* * * LOW HITPOINT WARNING * * *
You feel sick. The hornet stings you.
* * * LOW HITPOINT WARNING * * *
You feel as though you will be slow longer.
Your iron imp hits the hornet.
The hornet stings you!
You die...

#..# #.# # #
#..###.# # #.
###...##)# #
#.#####......#)# #
...#..........# #
#####...#........# #
#...#.....#.....####
#.....#)#...........
#.5@###...#...######
##y## #.#....## #a#
#...#..# #.#
#.#....# #.#
#...#..# #.#
#.#....# #.#
#...#.## #.# #.#...#
... #...###


You could see a hornet, a worker ant and a friendly iron imp.

Vanquished Creatures
  A worldbinder (Abyss:1)
  Joseph (D:7)
  Sigmund (D:5)
  A ynoxinul (D:4)
  Edmund (D:6)
  2 sky beasts
  An orc warrior (D:6)
  3 ogres
  2 bullfrogs (D:7)
  A big kobold (D:8)
  A wyvern skeleton (D:7)
  3 scorpions
  4 wights (D:7)
  2 howler monkeys
  5 crimson imps
  A jelly (D:6)
  A quasit (D:7)
  7 orc priests
  2 centaur skeletons
  A hound (D:8)
  2 iguanas
  4 worker ants
  6 orc wizards
  A worker ant zombie (D:6)
  3 gnolls (D:5)
  4 adders
  2 shadow imps
  An adder zombie (D:6)
  An adder skeleton (D:5)
  A worm (D:4)
  3 dart slugs (D:2)
  3 leopard geckos
  21 orcs
  4 bats
  2 giant cockroaches
  7 goblins
  6 hobgoblins
  7 jackals
  11 kobolds
  4 quokkas
  3 ball pythons
  6 frilled lizards
  A leopard gecko skeleton (D:5)
  A quokka skeleton (D:5)
  5 rats
150 creatures vanquished.

Vanquished Creatures (collateral kills)
  Psyche (D:8)
  A black bear (D:8)
  A phantom (D:5)
  An ogre (D:6)
  A bullfrog (D:6)
  A crimson imp (D:7)
  An orc priest (D:6)
  A gnoll shaman (D:5)
  A hound skeleton (D:8)
  A gnoll (D:5)
  An adder (D:6)
  An orc (D:7)
  2 kobolds (D:8)
14 creatures vanquished.

Grand Total: 164 creatures vanquished

Notes
Turn   | Place    | Note
-------+----------+-------------------------------------------
     0 | D:1      | Kwzr the Demonspawn Berserker began the quest for the Orb.
     0 | D:1      | Reached XP level 1. HP: 18/18 MP: 1/1
   571 | D:1      | Reached skill level 3 in Axes
   571 | D:1      | Gained mutation: You are immune to rotting. [demonic ancestry]
   571 | D:1      | Reached XP level 2. HP: 14/24 MP: 2/2
   659 | D:1      | You fall through a shaft!
   850 | D:2      | Reached ** piety under Trog
  1163 | D:2      | Gained mutation: You are partially covered in thin metallic scales. (AC +2) [demonic ancestry]
  1163 | D:2      | Reached XP level 3. HP: 29/29 MP: 3/3
  1364 | D:2      | Found a hazy altar of Hepliaklqana.
  1708 | D:3      | Reached XP level 4. HP: 22/35 MP: 4/4
  1803 | D:3      | Found a shattered altar of Ashenzari.
  2540 | D:4      | Found a burning altar of Makhleb.
  2559 | D:4      | Cast into level 1 of the Abyss (crimson imp)
  2559 | Abyss:1  | Found a corrupted altar of Lugonu.
  2576 | Abyss:1  | Noticed a spatial maelstrom
  2609 | Abyss:1  | Noticed a chaos spawn
  2653 | Abyss:1  | Noticed a chaos spawn
  2665 | Abyss:1  | Noticed a worldbinder
  2668 | Abyss:1  | Noticed a worldbinder
  2670 | Abyss:1  | Noticed a flying skull
  2671 | Abyss:1  | Noticed a troll
  2672 | Abyss:1  | Noticed a troll
  2673 | Abyss:1  | Noticed a ynoxinul
  2684 | Abyss:1  | Noticed a neqoxec
  2687 | Abyss:1  | Killed a worldbinder
  2687 | Abyss:1  | Reached skill level 5 in Axes
  2687 | Abyss:1  | Gained mutation: You have large cloven feet. [demonic ancestry]
  2687 | Abyss:1  | Reached XP level 5. HP: 4/42 MP: 5/5
  2687 | Abyss:1  | Reached XP level 6. HP: 5/48 MP: 6/6
  2688 | Abyss:1  | Noticed a neqoxec
  2689 | D:4      | Escaped the Abyss
  2690 | D:4      | HP: 1/72 [ynoxinul (5)]
  2691 | D:4      | Killed a ynoxinul
  2691 | D:4      | Reached XP level 7. HP: 1/55 MP: 7/7
  2856 | D:4      | Found Withrata's General Store.
  2956 | D:5      | Entered Level 5 of the Dungeon
  2978 | D:5      | Noticed Sigmund
  3009 | D:5      | Killed Sigmund
  3018 | D:5      | Reached skill level 5 in Fighting
  3289 | D:5      | Found Veovvit's General Store.
  3388 | D:5      | Gained mutation: A weak demonic guardian rushes to your aid. [demonic ancestry]
  3388 | D:5      | Reached XP level 8. HP: 23/62 MP: 8/8
  3390 | D:5      | Reached skill level 6 in Axes
  3479 | D:5      | Reached *** piety under Trog
  4787 | D:6      | Reached skill level 5 in Armour
  4871 | D:6      | Reached skill level 7 in Axes
  4993 | D:6      | Found an iron altar of Okawaru.
  5092 | D:6      | Reached **** piety under Trog
  5436 | D:6      | Reached skill level 5 in Dodging
  5482 | D:6      | Noticed Edmund
  5490 | D:6      | Killed Edmund
  5490 | D:6      | Gained mutation: You have hoof-like feet. [demonic ancestry]
  5490 | D:6      | Reached XP level 9. HP: 63/69 MP: 9/9
  5779 | D:6      | Found a staircase to the Ecumenical Temple.
  5982 | D:7      | Noticed Joseph
  6026 | D:7      | Killed Joseph
  6318 | D:7      | Reached skill level 8 in Axes
  6336 | D:7      | Got an ancient rapier
  6337 | D:7      | Identified the +9 rapier of Chance {flame, +Fly Str+9 Dex-4 Stlth+} (You found it on level 7 of the Dungeon)
  6490 | Temple   | Entered the Ecumenical Temple
  6810 | D:7      | Found a bloodstained altar of Trog.
  7012 | D:8      | Noticed Psyche
  7016 | D:8      | Killed Psyche
  7163 | D:8      | HP: 1/106 [hornet (6)]
  7163 | D:8      | Mangled by a hornet

Vault maps used:
D:1:      lemuel_arrival_river_ford
D:2:      lemuel_doored_altar
D:3:      cheibrodos_ashenzari_chains, nicolae_underground_beach
D:4:      grunt_temple_overflow_champion_of_chaos, first_bread, serial_shops,
          nicolae_shop_temple_entry_statues_fountains
D:5:      serial_shops, shop, uniq_sigmund
D:6:      minmay_temple_entry_enclosed_plants, okawaru_metal_pillars_1_2,
          uniq_edmund
D:7:      cheibrodos_iron_armory, lemuel_crystal_altar, uniq_joseph
D:8:      hangedman_little_slice_of_home, minmay_misc_feat_pillars, uniq_psyche
Temple:   compressed_dpeg_circular_temple
Abyss:1:  hangedman_decor_lopped, evilmike_abyss_exit_11

Skill      XL: |  1  2  3  4  5  6  7  8  9 |
---------------+----------------------------+-----
Axes           | 3 5 7 8 |  8.7
Dodging        | 2 3 4 5 6 |  6.1
Armour         | 2 3 4 5 6 |  6.2
Fighting       | 4 5 6 |  6.8

Action                   |  1- 3 |  4- 6 |  7- 9 || total
-------------------------+-------+-------+-------++-------
Melee: Hand axe          |   110 |    67 |   501 ||   678
       Kick              |       |       |   225 ||   225
       War axe           |       |       |    20 ||    20
       Battleaxe         |       |       |   126 ||   126
       Rapier            |       |       |     3 ||     3
Throw: Tomahawk          |       |       |    12 ||    12
       Throwing net      |       |       |     1 ||     1
Invok: Berserk           |       |     1 |     5 ||     6
       Brothers in Arms  |       |       |     1 ||     1
  Use: Scroll            |       |     5 |     9 ||    14
       Potion            |       |       |     1 ||     1
 Stab: Sleeping          |     1 |       |       ||     1
       Distracted        |       |       |     3 ||     3
  Eat: Chunk             |     2 |     3 |    14 ||    19
       Bread ration      |       |       |     1 ||     1
       Fruit             |       |       |     2 ||     2
Armor: Animal skin       |    23 |     5 |       ||    28
       Leather armour    |       |    23 |    92 ||   115
       Ring mail         |       |       |   104 ||   104
Dodge: Dodged            |    57 |    45 |   429 ||   531
